 Dungeon Crawl Stone Soup version 0.25-a0-71-ge910a4a285 (webtiles) character file.

Game seed: 13097903780395429365, levelgen mode: deterministic

42 MrRokkomies the Ruffian (level 3, 30/33 HPs)
             Began as a Ghoul Monk on Nov 3, 2019.
             Was a Believer of Vehumet.
             Quit the game on level 2 of the Dungeon.
             The game lasted 00:03:09 (757 turns).

MrRokkomies the Ruffian (Ghoul Monk)                 Turns: 757, Time: 00:03:10

Health: 30/33      AC:  8    Str: 15    XL:     3   Next: 54%
Magic:  2/2        EV:  7    Int:  5    God:    Vehumet [**....]
Gold:   43         SH:  0    Dex: 11    Spells: 2/2 levels left

rFire    . . .     SeeInvis .     - Unarmed
rCold    + . .     Gourm    .   (no shield)
rNeg     + + +     Faith    +   l - +0 chain mail
rPois    ∞         Spirit   .   (no helmet)
rElec    .         Reflect  .   (no cloak)
rCorr    .         Harm     .   (no gloves)
MR       .....                  (no boots)
Stlth    ..........             h - amulet of faith
HPRegen  0.11/turn              (no ring)
MPRegen  0.08/turn              (no ring)

@: rotting
A: rotting body, claws 1, carnivore, cold resistance 1, negative energy
resistance 3, inhibited regeneration, torment resistance, unbreathing
a: Renounce Religion


You were on level 2 of the Dungeon.
You worshipped Vehumet.
Vehumet was pleased with you.
You were not hungry.

You visited 1 branch of the dungeon, and saw 2 of its levels.

You collected 43 gold pieces.

Inventory:

Missiles
 e - 56 stones (quivered)
Armour
 l - a +0 chain mail (worn)
Jewellery
 h - an amulet of faith (around neck)
Scrolls
 c - 2 scrolls of amnesia
 g - a scroll of magic mapping
 j - a scroll of remove curse
Potions
 a - a potion of magic {unknown}
 k - a potion of lignification {unknown}
Comestibles
 b - 2 rations


   Skills:
 * Level 4.1 Fighting
 - Level 2.6 Dodging
 - Level 2.1 Stealth
 * Level 4.2 Unarmed Combat


You had 2 spell levels left.
You didn't know any spells.
Your spell library was empty.

Dungeon Overview and Level Annotations

Branches:
Dungeon (2/15)

Altars:
Vehumet


Innate Abilities, Weirdness & Mutations

Your body is rotting away.
You thrive on raw meat.
You are immune to poison.
You have sharp fingernails.
You are carnivorous and can eat meat at any time.
Your flesh is cold resistant. (rC+)
You are immune to negative energy. (rN+++)
You do not regenerate when monsters are visible.
You are immune to unholy pain and torment.
You can survive without breathing.


Message History

You kill the kobold!
The quokka bites you.
You closely miss the quokka. The quokka bites you.
You claw the quokka!
You kill the quokka!
No target in view!
No target in view!
No target in view!
You see here a quokka corpse.
You see here a quokka corpse.
There is a faded altar of an unknown god here.
You cannot tell which god this altar belongs to.
Convert to them anyway?
Vehumet accepts your prayer! Vehumet welcomes you!
You can now gain magical power from killing.
Vehumet offers you knowledge of Sting.
Your amulet flashes!
Are you sure you want to abandon this character and quit the game? (Confirm with "yes".)
Okay, then.
Are you sure you want to abandon this character and quit the game? (Confirm with "yes".)

....<##.# #..# ##
...####.# #..#....#
...#.##.###..#..#.#
.#.#.##......##.#.####.
......................
...#................#
####.##.........7...#
#.##.####†..7.7..#
#.##.# #.†7.@.7 #.##.#
#...7.7..# #.##.#
##...7...# #.##.#
#.......# #.##.#
##.#..### ..##.. ....##
##.### ###


There were no monsters in sight!

Vanquished Creatures
  An adder (D:2)
  2 dart slugs
  4 leopard geckos (D:1)
  4 goblins (D:1)
  2 hobgoblins (D:1)
  A quokka (D:2)
  5 bats (D:1)
  A frilled lizard (D:1)
  4 kobolds
  A rat (D:1)
25 creatures vanquished.

Notes
Turn   | Place    | Note
-------+----------+-------------------------------------------
     0 | D:1      | MrRokkomies the Ghoul Monk began the quest for the Orb.
     0 | D:1      | Reached XP level 1. HP: 19/19 MP: 0/0
    72 | D:1      | Reached XP level 2. HP: 14/26 MP: 1/1
   516 | D:1      | Reached XP level 3. HP: 29/33 MP: 2/2
   740 | D:2      | Found a faded altar of an unknown god.
   756 | D:2      | Became a worshipper of Vehumet
   756 | D:2      | Reached * piety under Vehumet
   756 | D:2      | Offered knowledge of Sting by Vehumet.
   756 | D:2      | Reached ** piety under Vehumet
   757 | D:2      | Quit the game

Levels and vault maps discovered:
D:1:      lightli_arrival_statuegarden, layout_rooms, minmay_misc_feat_five
D:2:      layout_basic, old_standard_altar, first_ration,
          chequers_ecumenical_altar_simple_redux

Skill      XL: |  1  2  3 |
---------------+----------+-----
Unarmed Combat | 4 |  4.2
Fighting       | 4 |  4.1
Dodging        | |  2.6
Stealth        | |  2.1

Action                   || total
-------------------------++-------
Melee: Unarmed           ||    94
       Punch             ||     1
  Use: Scroll            ||     6
  Eat: Chunk             ||     5
Armor: Robe              ||    16
       Scale mail        ||     9
       Chain mail        ||    10
Dodge: Dodged            ||    57

Table legend:
 A = Non-vault XP
 B = Vault XP
 C = Vault XP percentage of total XP
 D = Non-vault monster count
 E = Vault monster count
 F = Vault count percentage of total count
                 A         B        C        D         E       F
            +---------+---------+-------+---------+---------+-------
      Total |      60 |       0 |   0.0 |      25 |       0 |   0.0
            +---------+---------+-------+---------+---------+-------
        D:1 |      40 |       0 |   0.0 |      21 |       0 |   0.0
        D:2 |      20 |       0 |   0.0 |       4 |       0 |   0.0
            +---------+---------+-------+---------+---------+-------
